 Dungeon Crawl Stone Soup version 0.30.0-29-ga12c61a403 (webtiles) character file.

Game seed: 11455047097639850912

1966 McKennaii the Destroyer (level 8, -12/57 HPs)
             Began as a Demigod Conjurer on June 8, 2023.
             Killed from afar by Maggie (29 damage)
             ... with a bolt of fire
             ... on level 7 of the Dungeon.
             The game lasted 00:07:45 (5738 turns).

McKennaii the Destroyer (Demigod Conjurer)          Turns: 5738, Time: 00:07:45

Health: -12/57     AC:  8    Str:  8    XL:     8   Next: 68%
Magic:  8/21       EV: 11    Int: 28    God:
Gold:   447        SH:  0    Dex: 12    Spells: 13/20 levels left

rFire   . . .        I - +5 trident (freeze)
rCold   + . .        (no shield)
rNeg    . . .        H - +1 leather armour {rC+}
rPois   .            o - +0 helmet
rElec   .            (no cloak)
rCorr   .            f - +0 pair of gloves
SInv    .            y - +0 pair of boots
Will    +....        k - amulet of magic regeneration
Stlth   ++           q - ring of willpower
HPRegen 0.29/turn    (no ring)
MPRegen 0.57/turn

%: no passive effects
@: no status effects
A: high MP 1, forlorn, divine attributes
a: no special abilities


You were on level 7 of the Dungeon.
You visited 1 branch of the dungeon, and saw 7 of its levels.

You collected 447 gold pieces.

Inventory:

Hand Weapons
 I - a +5 trident of freezing (weapon)
Missiles
 z - a throwing net
Armour
 f - a +0 pair of gloves (worn)
 o - a +0 helmet (worn)
 y - a +0 pair of boots (worn)
 H - a +1 leather armour of cold resistance (worn)
Jewellery
 k - an amulet of magic regeneration (around neck)
 q - a ring of willpower (left hand)
Wands
 v - a wand of iceblast (10)
 w - a wand of acid (7)
 G - a wand of mindburst (8)
Scrolls
 c - 3 scrolls of enchant armour {unknown}
 e - 2 scrolls of silence {unknown}
 i - 2 scrolls of vulnerability {unknown}
 j - 4 scrolls of poison
 m - 5 scrolls of identify {unknown}
 n - 4 scrolls of noise {unknown}
 p - 3 scrolls of fear {unknown}
 t - 2 scrolls of fog {unknown}
 u - a scroll of blinking {unknown}
 x - a scroll of teleportation {unknown}
 A - a scroll of enchant weapon {unknown}
 F - a scroll of amnesia {unknown}
Potions
 a - a potion of resistance {unknown}
 b - 3 potions of magic
 d - a potion of curing
 g - a potion of ambrosia {unknown}
 h - 2 potions of haste {unknown}
 l - 3 potions of heal wounds {unknown}
 r - 3 potions of mutation {unknown}
 s - a potion of might {unknown}
 B - a potion of brilliance {unknown}
 C - a potion of attraction {unknown}
 E - a potion of degeneration {unknown}


   Skills:
 + Level 3.7 Armour
 - Level 1.7 Dodging
 - Level 1.7 Stealth
 + Level 6.6 Spellcasting
 + Level 8.0 Conjurations


You had 13 spell levels left.
You knew the following spells:

 Your Spells              Type           Power      Damage    Failure   Level
a - Magic Dart            Conj           100%       1d8       1%          1
b - Searing Ray           Conj           100%       2d8       1%          2
c - Iskenderun's Mystic   Conj/Tloc      31%        2d8       16%         4

Your spell library contained the following spells:

 Spells                   Type           Power      Damage    Failure   Level
 Dazzling Flash           Conj/Hex       62%        N/A       4%          3
 Fulminant Prism          Conj/Hex       15%        3d10      16%         4
 Tukima's Dance           Hex            9%         N/A       24%         3
 Vhi's Electric Charge    Tloc/Air       18%        N/A       24%         3
 Volatile Blastmotes      Fire/Tloc      18%        2d11      24%         3
 Arcjolt                  Conj/Air       15%        1d25      38%         5
 Passage of Golubria      Tloc           9%         N/A       63%         4
 Lee's Rapid Deconstruct  Erth           4%         3d5*      92%         5
 Yara's Violent Unravell  Hex/Tmut       4%         3d4       92%         5
 Maxwell's Capacitive Co  Air            4%         ∞         100%        8


Dungeon Overview and Level Annotations

Branches:
Dungeon (7/15)             Temple (0/1) D:4

Shops:
D:1 *[?(*

Annotations:
D:7 Maggie


Innate Abilities, Weirdness & Mutations

You have an increased reservoir of magic. (+10% MP)
You shall have no god before yourself.
Your divine heritage dramatically boosts your attributes as you level up.


Message History

Your Conjurations skill increases to level 8!
Casting: Searing Ray (safe; 1% risk of failure)
Confirm with . or Enter, or press ? or * to list all spells.
Aiming: Searing Ray (safe; 1% risk of failure)
Press: ? - help, Shift-Dir - straight line, f - kobold
Aim: a kobold, wielding a +0 dagger and quivering stones (79% to hit)
The searing ray hits the kobold.
You kill the kobold! (Press . to maintain the ray.) Unknown command.
A kobold is nearby!
Casting: Searing Ray (safe; 1% risk of failure)
Confirm with . or Enter, or press ? or * to list all spells.
Restarting spell: Searing Ray (safe; 1% risk of failure)
Press: ? - help, Shift-Dir - straight line, f - kobold
Aim: a kobold, wielding a +0 club (79% to hit)
The searing ray misses the kobold. (Press . to maintain the ray.) Maggie the Vainglorious comes into view.
She is wielding a +0 halberd.
Unknown command.
The searing ray hits the kobold!
You kill the kobold!
Maggie casts a spell at you. The bolt of fire hits you!!
You are engulfed in a cloud of scalding steam.
Maggie mumbles some strange words.
Maggie attempts to bespell you! You resist with almost no effort.
You hear a bark!
Unknown command.
Why would you want to do that?
The air fills with toxic fumes!
As you read the scroll labelled ARIMNY MIEK, it crumbles to dust.
It was a scroll of poison.
You are engulfed in a cloud of scalding steam.
* * * LOW HITPOINT WARNING * * *
You hear a shout!
Maggie points at you and mumbles some strange words.
The bolt of fire hits you!!
Ouch! That really hurt!
You die...

#............#
##.#####....###
#..# #....#
###'### #....#
#≈~≈§§# #....#
#~≈~§§# ..)....
#§§§§§# ......
#§§§§§# ..K
###@###.KK.
#§#......
#§§...K..
###§.....
@§.... §§...
§§§.. ####


You could see Maggie.

Vanquished Creatures
  A water moccasin (D:6)
  Duvessa (D:6)
  An orc warrior (D:7)
  A phantom (D:4)
  3 kobold brigands
  2 scorpions
  3 bullfrogs (D:7)
  5 wights (D:7)
  Dowan (D:6)
  2 killer bees (D:7)
  A howler monkey (D:5)
  4 hounds
  2 orc priests
  A gnoll bouda (D:6)
  3 iguanas
  2 orc wizards
  Robin (D:2)
  9 gnolls
  8 adders
  A shadow imp (D:7)
  A white imp (D:7)
  A worm (D:2)
  21 orcs
  A bat (D:2)
  5 endoplasms
  A giant cockroach (D:3)
  13 goblins
  9 hobgoblins
  4 quokkas
  7 ball pythons
  3 frilled lizards
  26 kobolds
  3 rats
147 creatures vanquished.

Notes
Turn   | Place    | Note
-------+----------+-------------------------------------------
     0 | D:1      | McKennaii the Demigod Conjurer began the quest for the Orb.
     0 | D:1      | Reached XP level 1. HP: 14/14 MP: 5/5
   125 | D:1      | Found Xacsoeg's Weapon Shop.
   272 | D:1      | Found Inezog's Assorted Antiques.
   416 | D:1      | Found Jeqit's Magic Scroll Shop.
   463 | D:1      | Found Powayv's Antique Armour Emporium.
   556 | D:1      | Reached XP level 2. HP: 20/20 MP: 3/7
   754 | D:1      | Found Sis Mat's Assorted Antiques.
  1089 | D:2      | Reached skill level 4 in Conjurations
  1092 | D:2      | Learned a level 2 spell: Searing Ray
  1111 | D:2      | Noticed Robin
  1135 | D:1      | Reached XP level 3. HP: 26/26 MP: 2/9
  1269 | D:2      | Killed Robin
  2182 | D:3      | Reached XP level 4. HP: 33/33 MP: 8/11
  2598 | D:4      | Noticed a phantom
  2606 | D:4      | Killed a phantom
  2607 | D:4      | Reached skill level 5 in Conjurations
  2607 | D:4      | Reached XP level 5. HP: 28/38 MP: 6/13
  3106 | D:4      | Reached XP level 6. HP: 44/45 MP: 7/15
  3328 | D:4      | Found a staircase to the Ecumenical Temple.
  3391 | D:5      | Entered Level 5 of the Dungeon
  3819 | D:5      | Noticed a steam dragon
  3828 | D:5      | Learned a level 4 spell: Iskenderun's Mystic Blast
  3885 | D:6      | Reached skill level 6 in Conjurations
  3969 | D:6      | Reached XP level 7. HP: 42/50 MP: 12/17
  4286 | D:6      | Reached skill level 5 in Spellcasting
  4427 | D:6      | Noticed Duvessa
  4446 | D:6      | Noticed Dowan
  4449 | D:6      | Killed Duvessa
  4454 | D:6      | Killed Dowan
  4593 | D:6      | Reached skill level 1 in Armour
  4593 | D:6      | Reached skill level 7 in Conjurations
  5152 | D:7      | Reached XP level 8. HP: 55/57 MP: 16/20
  5488 | D:7      | HP: 2/57 [poisoned by a kobold]
  5733 | D:7      | Reached skill level 8 in Conjurations
  5735 | D:7      | Noticed Maggie
  5738 | D:7      | Killed from afar by Maggie

Illustrated notes

Levels and vault maps discovered:
D:1:      eino_arrival_water_star, layout_loops_ring, serial_shops,
          nicolae_shop_getting_attention, nicolae_shop_advertising_works
          [nicolae_subvault_shop_adworks], shop, shop, shop
D:2:      layout_loops_cross, serial_co_window_serial, co_window_paths_b,
          co_window_paths_b, co_window_corner_a, co_window_of_opportunity_a,
          co_window_of_opportunity_a, co_window_of_opportunity_c,
          co_window_corner_b, co_window_2corner, co_window_cross_2,
          glass_columns_a, glass_columns_b, glass_columns_a, glass_columns_a,
          glass_columns_b, basic_ecumenical_altar, grunt_decor_mini_mirrors,
          hangedman_abyss_or_decor_stabs, minmay_misc_feat_rugged,
          dreamdust_mushroom_princess, uniq_robin
D:3:      layout_rooms, okawaru_trees_1
D:4:      layout_basic, vehumet_crystals, minmay_temple_entry_antechambers
D:5:      kennysheep_steamy, layout_loops_ring, minmay_large_rounded_square
D:6:      layout_cave_pods, grunt_dithmenos_smoke, uniq_duvessa
D:7:      layout_basic, serial_rivers, chequers_serial_rivers_room_b,
          chequers_serial_rivers_large_a, chequers_serial_rivers_room_a,
          chequers_serial_rivers_micro_d, chequers_serial_rivers_micro_b,
          uniq_pikel, uniq_maggie

Skill      XL: |  1  2  3  4  5  6  7  8 |
---------------+-------------------------+-----
Spellcasting   | 2 3 4 5 6 |  6.6
Conjurations   | 4 5 6 7 8 |  8.0
Armour         | 1 3 |  3.7
Dodging        | |  1.7
Stealth        | |  1.7

Action                     |  1- 3 |  4- 6 |  7- 9 || total
---------------------------+-------+-------+-------++-------
  Melee: Unarmed           |     2 |       |       ||     2
         Flail             |       |     2 |       ||     2
   Cast: Magic Dart        |    82 |    74 |    38 ||   194
         Searing Ray       |     7 |    22 |    34 ||    63
         Iskenderun's Myst |       |       |     7 ||     7
    Use: Potion            |       |       |     2 ||     2
         Scroll            |       |       |     1 ||     1
 Armour: Robe              |     5 |     2 |     5 ||    12
         Leather armour    |       |       |     6 ||     6
  Dodge: Dodged            |    12 |     6 |    31 ||    49
